 Dungeon Crawl Stone Soup version 0.30-a0-739-gea05faddec (webtiles) character file.

Game seed: 16289463088737753083

239438 browni3141 the Acrobat (level 18, -10/126 HPs)
             Began as a Felid Necromancer on Feb 4, 2023.
             Was a High Priest of Sif Muna.
             Mangled by a white very ugly thing (47 damage)
             ... on level 1 of the Vaults on Feb 5, 2023.
             The game lasted 03:53:28 (51655 turns).

browni3141 the Acrobat (Felid Necromancer)         Turns: 51655, Time: 03:53:29

Health: -10/126    AC: 16    Str: 14    XL:     18   Next: 59%
Magic:  35/41      EV: 22    Int: 23    God:    Sif Muna [*****.]
Gold:   2210       SH:  0    Dex: 21    Spells: 1/53 levels left
                                        Lives:  0   Deaths: 3

rFire   + + .      SeeInvis +      - Unarmed
rCold   . . .      Faith    .    (shield unavailable)
rNeg    . . .      Spirit   .    (body armour unavailable)
rPois   +          Reflect  .    (helmet unavailable)
rElec   .          Harm     .    (cloak unavailable)
rCorr   +          Rampage  .    (gloves unavailable)
Will    ++...                    (boots unavailable)
Stlth   +++++                    b - amulet "Coetzusenn" {Acrobat rC+ Regen+ rCorr Dex+3}
HPRegen 1.21/turn                y - ring of Pieps {Wiz rPois}
MPRegen 0.27/turn                O - ring of flight

@: dragon-form, flying
A: dragon claw, dragon scales, breathe fire, flying, boosted hp, giant, (claws
1), (fangs 3), see invisible, (speed 1), (shaggy fur 3), (stealthy paws), no
weapons or thrown items, no armour, multi-lived, (iridescent scales 2),
evolution 1
}: 2/15 runes: serpentine, barnacled
a: Breathe Fire, End Transformation, Renounce Religion, Channel Magic, Forget
Spell, Divine Exegesis


You were on level 1 of the Vaults.
You worshipped Sif Muna.
Sif Muna was extremely pleased with you.
You were a fearsome dragon!
You visited 9 branches of the dungeon, and saw 36 of its levels.
You visited the Abyss 1 time.
You visited 1 bazaar.
You also visited: Sewer.

You collected 5240 gold pieces.
You spent 3030 gold pieces at shops.

Inventory:

Jewellery
 b - the amulet "Coetzusenn" (around neck) {Acrobat rC+ Regen+ rCorr Dex+3}
   (You acquired it on level 4 of the Dungeon)

   [amulet of the acrobat]

   It increases your evasion while moving and waiting.
   Dex:       It affects your dexterity (+3).
   rC:        It protects you from cold.
   Regen:     It increases your rate of health regeneration.
   rCorr:     It protects you from acid and corrosion.
 k - a ring of willpower
 t - a ring of protection from fire
 u - a ring of resist corrosion
 y - the ring of Pieps (left foreclaw) {Wiz rPois}
   (You found it on level 6 of the Dungeon)

   [ring of wizardry]

   It improves your spell success rate.
   rPois:     It protects you from poison.
 H - a ring of positive energy
 J - a +6 ring of intelligence
 O - a ring of flight (right foreclaw)
 W - a ring of protection from cold
 Z - a ring of fire
Wands
 j - a wand of charming (9)
 n - a wand of digging (4)
 p - a wand of polymorph (2)
 C - a wand of mindburst (15)
 X - a wand of iceblast (5)
 Y - a wand of light (7)
Scrolls
 e - a scroll of blinking
 f - 9 scrolls of enchant armour
 g - 9 scrolls of noise
 i - 9 scrolls of teleportation
 l - 4 scrolls of magic mapping
 m - 3 scrolls of butterflies
 r - 3 scrolls of silence
 s - 3 scrolls of poison
 w - 5 scrolls of vulnerability
 A - 2 scrolls of fog
 F - a scroll of immolation
 K - 3 scrolls of brand weapon
 L - 7 scrolls of fear
 P - 3 scrolls of amnesia
 Q - 7 scrolls of enchant weapon
Potions
 a - 4 potions of magic
 c - 2 potions of haste
 d - 4 potions of ambrosia
 h - 5 potions of might
 o - 7 potions of curing
 q - 2 potions of degeneration
 v - 5 potions of cancellation
 z - 5 potions of flight
 B - 4 potions of lignification
 D - a potion of resistance
 E - 4 potions of attraction
 M - 2 potions of mutation
 R - 2 potions of berserk rage
 S - a potion of invisibility
 U - 2 potions of brilliance
Miscellaneous
 x - a phantom mirror
 G - a lightning rod (4/4)
 N - a tin of tremorstones (2/2)
 T - a phial of floods
 V - a box of beasts


   Skills:
 - Level 12.0 Fighting
 - Level 22.0 Dodging
 - Level 12.0 Stealth
 - Level 9.0 Unarmed Combat
 - Level 18.0 Spellcasting
 * Level 17.4 Necromancy
 * Level 15.6 Transmutations
 - Level 2.0 Earth Magic
 - Level 14.0 Invocations
 - Level 6.0 Evocations


You had one spell level left.
You knew the following spells:

 Your Spells              Type           Power      Damage    Failure   Level
a - Petrify               Tmut/Erth      57%        N/A       1%          4
b - Vampiric Draining     Necr           79%        2d11      0%          3
c - Sublimation of Blood  Necr           79%        N/A       0%          2
d - Dispel Undead         Necr           79%        3d26      0%          4
e - Borgnjor's Vile Clut  Necr/Erth      30%        N/A       1%          5
f - Death Channel         Necr           39%        N/A       1%          6
g - Borgnjor's Revivific  Necr           39%        N/A       5%          8
i - Dragon Form           Tmut           37%        N/A       1%          7
j - Irradiate             Conj/Tmut      27%        3d20      1%          5
k - Infestation           Necr           39%        N/A       5%          8

Your spell library contained the following spells:

 Spells                   Type           Power      Damage    Failure   Level
 Beastly Appendage        Tmut           100%       N/A       0%          1
 Necrotise                Necr           100%       1d9       0%          1
 Apportation              Tloc           40%        N/A       1%          1
 Foxfire                  Conj/Fire      80%        2x1d8     1%          1
 Freeze                   Ice            80%        1d9       1%          1
 Kiss of Death            Conj/Necr      100%       2d13      1%          1
 Sandblast                Erth           58%        2d13      1%          1
 Summon Small Mammal      Summ           80%        N/A       1%          1
 Wereblood                Tmut           75%        N/A       0%          2
 Animate Dead             Necr           79%        N/A       0%          4
 Blink                    Tloc           40%        N/A       1%          2
 Call Imp                 Summ           20%        N/A       1%          2
 Cigotuvi's Dreadful Rot  Necr/Pois/Air  94%        N/A       1%          2
 Ensorcelled Hibernation  Hex/Ice        40%        N/A       1%          2
 Passwall                 Tmut/Erth      47%        N/A       1%          2
 Poisonous Vapours        Pois/Air       40%        N/A       1%          2
 Scorch                   Fire           40%        2d7       1%          2
 Searing Ray              Conj           40%        2d5       1%          2
 Static Discharge         Conj/Air       40%        2-4/arc   1%          2
 Ignite Poison            Fire/Tmut/Pois 44%        N/A       1%          3
 Spider Form              Tmut/Pois      54%        N/A       1%          3
 Stone Arrow              Conj/Erth      50%        3d10      1%          3
 Ice Form                 Ice/Tmut       54%        N/A       1%          4
 Agony                    Necr           79%        N/A       1%          5
 Alistair's Intoxication  Tmut/Pois      36%        N/A       1%          5
 Blade Hands              Tmut           37%        N/A       1%          5
 Yara's Violent Unravell  Hex/Tmut       27%        3d12      1%          5
 Call Canine Familiar     Summ           20%        N/A       3%          3
 Frozen Ramparts          Ice            40%        1d7       3%          3
 Gell's Gravitas          Tloc           20%        N/A       3%          3
 Hailstorm                Conj/Ice       20%        3d6       3%          3
 Inner Flame              Hex/Fire       20%        N/A       3%          3
 Kindle Blastsparks       Fire/Tloc/Air  40%        2d13      3%          3
 Ozocubu's Armour         Ice            20%        N/A       3%          3
 Summon Guardian Golem    Hex/Summ       20%        N/A       3%          3
 Swiftness                Air            20%        N/A       3%          3
 Teleport Other           Tloc           20%        N/A       3%          3
 Tukima's Dance           Hex            20%        N/A       3%          3
 Vhi's Electric Charge    Tloc/Air       40%        N/A       3%          3
 Simulacrum               Ice/Necr       28%        N/A       4%          6
 Statue Form              Tmut/Erth      38%        N/A       4%          6
 Leda's Liquefaction      Hex/Erth       12%        N/A       6%          4
 Eringya's Noxious Bog    Tmut/Pois      27%        N/A       6%          6
 Necromutation            Tmut/Necr      38%        N/A       8%          8
 Airstrike                Air            10%        2d(2-18)  10%         4
 Cause Fear               Hex            10%        N/A       10%         4
 Flame Wave               Conj/Fire      20%        2d7       10%         4
 Iskenderun's Mystic Bla  Conj/Tloc      20%        2d6       10%         4
 Olgreb's Toxic Radiance  Pois           20%        N/A       10%         4
 Sticky Flame             Conj/Fire      20%        2d4       10%         4
 Summon Ice Beast         Ice/Summ       20%        N/A       10%         4
 Summon Lightning Spire   Summ/Air       20%        N/A       10%         4
 Haunt                    Necr/Summ      28%        N/A       24%         7
 Arcjolt                  Conj/Air       10%        1d20      26%         5
 Fireball                 Conj/Fire      10%        3d6       26%         5
 Freezing Cloud           Conj/Ice/Air   10%        6-21      26%         5
 Iskenderun's Battlesphe  Conj           20%        2d7       26%         5
 Lightning Bolt           Conj/Air       10%        1d23      26%         5
 Metabolic Englaciation   Hex/Ice        10%        N/A       26%         5
 Silence                  Hex/Air        10%        N/A       26%         5
 Summon Forest            Summ/Tloc      10%        N/A       26%         5
 Summon Mana Viper        Hex/Summ       20%        N/A       26%         5
 Storm Form               Tmut/Air       27%        N/A       32%         7
 Death's Door             Necr           39%        N/A       58%         9
 Conjure Ball Lightning   Conj/Air       10%        3x3d6     80%         6
 Starburst                Conj/Fire      10%        6d5       80%         6
 Summon Cactus Giant      Summ           10%        N/A       80%         6
 Enfeeble                 Hex            10%        N/A       100%        7
 Malign Gateway           Summ/Tloc      10%        N/A       100%        7
 Orb of Destruction       Conj           10%        9d6       100%        7
 Ozocubu's Refrigeration  Ice            10%        4d9       100%        7
 Spellforged Servitor     Conj/Summ      10%        N/A       100%        7
 Summon Hydra             Summ           10%        N/A       100%        7
 Discord                  Hex            10%        N/A       100%        8
 Lehudib's Crystal Spear  Conj/Erth      12%        10d4      100%        8
 Maxwell's Capacitive Co  Air            10%        ∞         100%        8
 Chain Lightning          Conj/Air       10%        3d13      100%        9
 Portal Projectile        Hex/Tloc       Unusable   N/A       N/A         3

Dungeon Overview and Level Annotations

Branches:
Dungeon (15/15)            Temple (1/1) D:4            Lair (5/5) D:8
 Shoals (4/4) Lair:3        Snake (4/4) Lair:2          Orc (2/2) D:9
    Elf (3/3) Orc:2        Vaults (1/5) D:13         Depths (1/4) D:15
  Sewer (visited)
  Slime: Lair:4-5

Altars:
Ashenzari
Cheibriados
Dithmenos
Elyvilon
Fedhas
Gozag
Hepliaklqana
Kikubaaqudgha
Makhleb
Nemelex Xobeh
Okawaru
Qazlal
Ru
Sif Muna
Trog
Uskayaw
Vehumet
Wu Jian
Xom
Yredelemnul
Zin
The Shining One

Shops:
D:7 (   D:8 :(=(   D:12 *   Orc:2 (([*=   Elf:1 :   Elf:2 *=   Elf:3 (
Shoals:2 (   Shoals:3 ::   Snake:1 =   Depths:1 =

Portals:
Hell: Depths:1

Annotations:
Lair:4 2 transporters, exclusions: 4 downstairs and 3 oklob plants, Dutwide's ghost, journeyman MfGl
Shoals:4 exclusion: kraken
Snake:2 Roxanne
Elf:2 3 runed translucent doors, Agnes; Saint Roka


Innate Abilities, Weirdness & Mutations

You are a fearsome dragon!
You have a powerful clawing attack.
Your giant scaled body is strong and resiliant, but less evasive.
You can breathe fire.
You are flying.
Your maximum health is greatly increased.
((You have sharp claws.))
((You have razor-sharp teeth.))
You have supernaturally acute eyesight. (SInv)
((You cover ground quickly. (Speed+)))
((Your thick and shaggy fur keeps you warm. (AC +3, rC+)))
((Your paws help you pounce on unaware monsters.))
You are incapable of wielding weapons or throwing items.
You cannot wear armour.
You gain extra lives every three experience levels.
((You are mostly covered in iridescent scales. (AC +4)))
You have hidden genetic potential.


Message History

The brown very ugly thing completely misses you.
You hit the brown very ugly thing.
The brown very ugly thing is lightly wounded.
The brown ugly thing punches you but does no damage.
The brown very ugly thing headbutts you but does no damage.
You barely miss the brown very ugly thing.
Your bite misses the brown very ugly thing.
The brown very ugly thing basks in the mutagenic energy from its kin and changes!
You bite the purple very ugly thing!!
You tail-slap the purple very ugly thing, but do no damage.
You bite the purple very ugly thing.
The purple very ugly thing is moderately wounded.
You claw the purple very ugly thing!
You tail-slap the purple very ugly thing, but do no damage.
The purple very ugly thing is heavily wounded.
The red ugly thing closely misses you.
The brown very ugly thing basks in the mutagenic energy from its kin and changes!
You bite the purple very ugly thing!!
You tail-slap the purple very ugly thing.
You claw the purple very ugly thing!
The purple very ugly thing is almost dead.
The purple very ugly thing tentacle-slaps you!
The red ugly thing closely misses you.
You hit the purple very ugly thing but do no damage.
The purple very ugly thing is almost dead.
The purple very ugly thing tentacle-slaps you but does no damage.
You bite the purple very ugly thing!!
You kill the purple very ugly thing!
Sif Muna accepts your kill.
A death scarab bursts from the purple very ugly thing!
The white very ugly thing kicks you! The white very ugly thing freezes you!!
The brown ugly thing punches you.
You are splashed with acid.
You resist. The red ugly thing headbutts you.
You are engulfed in flames!
You resist.
You are too injured to fight recklessly!
You are too injured to fight recklessly!
The white very ugly thing attacks as you move away!
The white very ugly thing kicks you!
* * * LOW HITPOINT WARNING * * *
The white very ugly thing freezes you!!!
You die...

#############..#
#..# #..# #..#
#..# #..#
##########..#
....?Buu....#
.......D....#
......u.....#
............#
#############


You could see a white very ugly thing, 2 ugly things and a friendly death
scarab.

Vanquished Creatures
  A bone dragon (Abyss:3)
  A deep elf master archer (Elf:3)
  2 tentacled starspawn
  Polyphemus (Shoals:3)
  Donald (Shoals:4)
  A nagaraja (Snake:2)
  A fire giant (Depths:1)
  7 deep elf sorcerers
  Aizul (Snake:1)
  Ilsuiw (Shoals:4)
  A vault warden (Vaults:1)
  4 frost giants
  Louise (D:15)
  2 orc warlords
  A deep elf elementalist (Elf:3)
  A cacodemon (Abyss:3)
  3 very ugly things
  5 deep elf demonologists (Elf:3)
  A spark wasp (Depths:1)
  2 lorocyprocas (Depths:1)
  8 deep elf annihilators (Elf:3)
  3 ettins
  5 deep elf death magi (Elf:3)
  4 merfolk impalers
  2 yaktaur captains (Vaults:1)
  2 fire dragons
  4 merfolk javelineers (Shoals:4)
  A hydra (D:15)
  2 deep elf high priests (Elf:3)
  3 vault guards
  2 ice dragons
  3 salamander tyrants (Snake:4)
  A merfolk avatar (Shoals:1)
  A catoblepas (D:9)
  2 merfolk aquamancers
  A boulder beetle (D:12)
  7 centaur warriors
  A two-headed ogre (D:9)
  5 anacondas
  20 dancing weapons
  12 naga warriors
  A satyr (Shoals:4)
  2 alligator snapping turtles
  15 naga sharpshooters
  A death yak (Lair:4)
  A thrashing horror (Abyss:3)
  An orc high priest (Orc:2)
  4 tengu warriors
  14 deep elf knights
  4 shock serpents
  2 wretched stars (Abyss:3)
  Nergalle (Orc:2)
  A sun demon (Abyss:3)
  2 sixfirhies (Abyss:3)
  7 sea snakes
  A death drake (Abyss:3)
  8 salamander mystics
  3 naga ritualists (Snake:4)
  A shadow demon (Abyss:3)
  A wizard (Vaults:1)
  Pikel (D:7)
  8 deep elf archers
  An ironbound convoker (Vaults:1)
  4 orc knights
  13 deep elf pyromancers
  10 mana vipers
  13 cyclopes
  14 deep elf zephyrmancers
  3 orc sorcerers
  6 harpies
  A necromancer (Depths:1)
  A stone giant zombie (Orc:1)
  13 manticores
  21 ugly things
  9 fauns
  4 elephants
  4 merfolk sirens
  10 salamanders
  2 water nymphs (Shoals:2)
  2 smoke demons (Abyss:3)
  Maurice (D:11)
  A fire giant skeleton (Depths:1)
  A vault sentinel (Vaults:1)
  An apocalypse crab (Abyss:3)
  A cane toad (Lair:1)
  25 black mambas
  An orange demon (Abyss:3)
  5 naga magi
  An unseen horror (D:13)
  2 yaktaurs (Vaults:1)
  A kobold demonologist (Depths:1)
  An efreet (D:15)
  4 komodo dragons
  3 tengu conjurers
  An ancient zyme (Abyss:3)
  4 trolls
  2 large abominations (Abyss:3)
  5 polar bears
  18 merfolk
  A queen bee (shapeshifter) (Elf:3)
  A hornet (D:10)
  4 wind drakes
  A tyrant leech (shapeshifter) (Elf:2)
  10 raiju (Abyss:3)
  10 blink frogs
  2 dream sheep
  A satyr zombie (Shoals:4)
  Prince Ribbit (Lair:1)
  7 snapping turtles
  A slime creature (D:12)
  A wyvern (Lair:2)
  4 wraiths
  4 shadows
  11 water elementals
  3 air elementals
  2 vampires (D:11)
  3 hogs (D:12)
  6 fire elementals
  A yak (shapeshifter) (D:13)
  20 yaks
  9 humans
  A redback (shapeshifter) (Vaults:1)
  4 basilisks
  A neqoxec (Abyss:3)
  3 vampire mosquitoes
  6 wargs
  A merfolk zombie (Shoals:4)
  29 nagas
  A faun zombie (Shoals:4)
  11 water moccasins
  22 orc warriors
  3 sky beasts
  A manticore zombie (Shoals:4)
  2 black bears
  The ghost of FireHeadGirl the Trooper, an amateur BaWr (D:3)
  8 ogres
  A lemure (D:7)
  A phantom (D:6)
  9 wolves
  9 centaurs
  2 small abominations (Abyss:3)
  3 kobold brigands
  9 bullfrogs
  Blork the orc (Orc:2)
  3 necrophages
  4 earth elementals
  A gnoll sergeant (D:9)
  6 scorpions
  A cyclops zombie (Orc:1)
  A water moccasin zombie (D:7)
  7 wights
  20 killer bees
  6 electric eels
  4 howler monkeys
  3 hounds
  2 jellies
  Crazy Yiuf (D:7)
  2 gnoll boudas
  15 orc priests
  2 starcursed masses (Abyss:3)
  Jessica (D:3)
  18 orc wizards
  5 iguanas
  13 gnolls
  8 adders
  A river rat (Lair:2)
  A shadow imp (D:6)
  2 white imps
  An ufetubus (Abyss:3)
  An orc zombie (Orc:2)
  3 worms
  A dart slug (D:1)
  42 orcs
  7 ball pythons
  A bat zombie (D:8)
  6 endoplasms
  4 giant cockroaches
  A gnoll zombie (D:7)
  5 goblins
  A hobgoblin (D:2)
  4 jackals (D:4)
  17 kobolds
  6 quokkas
  A bat (D:1)
  6 frilled lizards
  7 rats
  A rat zombie (D:8)
  2 starspawn tentacles (Abyss:4)
891 creatures vanquished.

Vanquished Creatures (collateral kills)
  Vashnia (Snake:3)
  Rupert (Snake:1)
  Mlioglotl (Snake:2)
  Kirke (D:12)
  A vault warden (Vaults:1)
  A nagaraja (Snake:4)
  A fire giant (Depths:1)
  4 deep elf elementalists (Elf:3)
  A caustic shrike zombie (Depths:1)
  2 stone giants (Depths:1)
  An ironbound thunderhulk (Vaults:1)
  A deep elf annihilator (Elf:3)
  A spark wasp (Depths:1)
  A deep elf death mage (Elf:3)
  An ettin (Depths:1)
  3 merfolk impalers (Shoals:4)
  A fire dragon (Depths:1)
  A merfolk javelineer (Shoals:4)
  Harold (D:11)
  2 vault guards
  A rakshasa (Depths:1)
  2 catoblepae
  3 ice dragons (Depths:1)
  A centaur warrior (D:15)
  3 satyrs
  An anaconda (Snake:3)
  3 merfolk avatars
  5 merfolk aquamancers
  10 naga warriors
  A dancing weapon (Elf:3)
  7 death yaks
  A titan zombie (Orc:1)
  A deep troll earth mage (Elf:3)
  2 deep elf knights (Elf:3)
  An orc high priest (Orc:1)
  5 naga sharpshooters
  Amaemon (D:11)
  A storm dragon skeleton (Depths:1)
  8 sea snakes
  3 deep elf archers
  A glowing orange brain (Depths:1)
  An orc knight (Orc:1)
  15 harpies
  4 naga ritualists
  6 deep elf zephyrmancers
  2 ironbound convokers (Vaults:1)
  3 mana vipers
  A necromancer (Depths:1)
  13 fauns
  2 deep elf pyromancers
  A salamander (Snake:3)
  6 ugly things
  3 elephants
  7 cyclopes
  3 manticores
  A stone giant zombie (Orc:1)
  6 merfolk sirens
  10 black mambas
  2 guardian serpents
  A frost giant skeleton (Depths:1)
  A stone giant skeleton (Depths:1)
  2 vault sentinels (Vaults:1)
  6 naga magi
  A water nymph (Shoals:1)
  A torpor snail (Lair:2)
  6 cane toads
  An orange demon (D:11)
  2 rime drakes
  2 komodo dragons
  2 tengu conjurers (Depths:1)
  A spriggan skeleton (Depths:1)
  6 wind drakes
  21 merfolk
  2 polar bears
  A queen bee (Lair:2)
  A troll (D:8)
  5 snapping turtles
  4 dream sheep (Shoals:2)
  11 blink frogs
  3 air elementals
  4 slime creatures
  A ynoxinul (Abyss:3)
  3 basilisks
  An orc zombie (Orc:1)
  7 water elementals
  17 yaks
  A fire bat (shapeshifter) (Abyss:3)
  6 wyverns
  4 hogs (D:12)
  2 steam dragons
  3 humans (D:13)
  24 nagas
  2 merfolk zombies (Shoals:4)
  2 wargs (Orc:1)
  5 water moccasins
  2 black bears
  An orc warrior (Orc:2)
  A sky beast (D:6)
  5 ogres (Orc:1)
  8 wolves
  2 centaurs
  A starcursed mass (Abyss:3)
  A kobold brigand (D:8)
  4 bullfrogs
  19 killer bees
  3 orc priests
  2 hounds (D:8)
  8 orc wizards
  3 gnolls
  A white imp (D:6)
  8 orcs
  A ball python (D:2)
  An endoplasm (D:4)
  A goblin (D:2)
  4 hobgoblins
  7 kobolds
419 creatures vanquished.

Vanquished Creatures (others)
  An anaconda (Snake:2)
  A vampire mage (Depths:1)
  A deep elf knight (Elf:1)
  2 anaconda zombies
  An orc knight (Orc:1)
  6 ugly thing zombies
  A cyclops (Orc:1)
  2 shock serpent zombies (Snake:3)
  An alligator snapping turtle zombie (Shoals:3)
  A death yak zombie (Shoals:3)
  2 sea snake zombies
  A tormentor (Abyss:3)
  2 harpy zombies (Shoals:1)
  4 mana viper zombies
  A merfolk (Shoals:4)
  A guardian serpent zombie (Snake:3)
  12 black mamba zombies
  A yak (Lair:2)
  A wind drake zombie (Shoals:2)
  2 slime creature zombies (D:12)
  6 faun zombies
  A two-headed ogre zombie (D:9)
  2 tengu zombies
  An elephant zombie (Lair:3)
  5 elf zombies
  5 manticore zombies
  12 merfolk zombies
  A snapping turtle zombie (Shoals:2)
  5 blink frog zombies
  A dream sheep zombie (Shoals:3)
  4 human zombies
  A rime drake zombie (Lair:2)
  A komodo dragon zombie (Lair:2)
  9 salamander zombies
  4 cyclops zombies (Orc:1)
  2 wyvern zombies (Lair:2)
  3 water moccasin zombies
  23 naga zombies
  2 warg zombies (Orc:1)
  A polar bear zombie (Lair:4)
  10 yak zombies
  12 wolf zombies
  4 centaur zombies
  2 bullfrog zombies
  A kobold zombie (D:7)
  A hound (D:8)
  A basilisk zombie (Lair:3)
  2 scorpion zombies
  11 killer bee zombies
  An ogre zombie (Orc:2)
  2 hound zombies (D:8)
  A gnoll (D:9)
  An ufetubus (Abyss:3)
  A river rat zombie (Lair:2)
  26 orc zombies
  60 fungi
  A lurking horror (Abyss:3)
  141 plants
  4 starspawn tentacles (Abyss:3)
415 creatures vanquished.

Grand Total: 1725 creatures vanquished

Notes
Turn   | Place    | Note
-------+----------+-------------------------------------------
     0 | D:1      | browni3141 the Felid Necromancer began the quest for the
                  | Orb.
     0 | D:1      | Reached XP level 1. HP: 7/7 MP: 4/4
   204 | D:1      | Reached skill level 1 in Fighting
   241 | D:1      | Reached XP level 2. HP: 12/12 MP: 3/6
   903 | D:2      | Reached XP level 3. HP: 16/16 MP: 4/7
  1150 | D:2      | Learned a level 3 spell: Vampiric Draining
  1153 | D:2      | Learned a level 2 spell: Sublimation of Blood
  1374 | D:2      | Reached skill level 5 in Necromancy
  1763 | D:2      | Reached XP level 4. HP: 19/19 MP: 3/8
  1772 | D:2      | Reached skill level 1 in Evocations
  2150 | D:3      | Found a runed translucent door.
  2151 | D:3      | Noticed FireHeadGirl's ghost (amateur BaWr)
  2883 | D:3      | Reached XP level 5. HP: 22/22 MP: 5/9
  3279 | D:3      | Noticed Jessica
  3466 | D:4      | Noticed a black bear
  3471 | D:4      | Killed a black bear
  3546 | D:4      | Found a staircase to the Ecumenical Temple.
  3560 | Temple   | Entered the Ecumenical Temple
  3631 | Temple   | Became a worshipper of Sif Muna the Loreminder
  3655 | D:4      | Gained mutation: You are covered in thick fur. (AC +2)
                  | [Felid growth]
  3655 | D:4      | Reached XP level 6. HP: 26/26 MP: 5/10
  3858 | D:4      | Reached skill level 5 in Stealth
  4138 | D:4      | Reached skill level 3 in Dodging
  4339 | D:4      | Identified a scroll of acquirement
  4346 | D:4      | Acquired the amulet "Coetzusenn" {Acrobat rC+ Regen+ rCorr
                  | Dex+3}
  4458 | D:3      | Killed Jessica
  4546 | D:5      | Entered Level 5 of the Dungeon
  4578 | D:5      | Found a bloodstained altar of Trog.
  4597 | D:5      | Found a white marble altar of Elyvilon.
  4650 | D:5      | Found an ornate altar of the Wu Jian Council.
  4694 | D:5      | Found a broken altar of Ashenzari.
  4708 | D:5      | Found a glowing golden altar of the Shining One.
  4752 | D:5      | Found a glowing drain.
  4756 | Sewer    | Entered a sewer
  4793 | Sewer    | Noticed a water moccasin
  4820 | Sewer    | Killed a water moccasin
  4821 | Sewer    | Reached XP level 7. HP: 30/30 MP: 4/11
  5128 | D:5      | Learned a level 4 spell: Dispel Undead
  5463 | D:3      | Identified the +5 acid dragon scales "Touky" {rPois rCorr}
  5479 | D:3      | Killed FireHeadGirl's ghost
  5479 | D:3      | Reached * piety under Sif Muna
  5485 | D:3      | Learned a level 4 spell: Animate Dead
  5586 | D:6      | Found a burning altar of Makhleb.
  5629 | D:6      | Reached skill level 1 in Invocations
  5923 | D:6      | Identified the ring of Pieps {Wiz rPois}
  5979 | D:6      | Reached XP level 8. HP: 33/33 MP: 15/15
  6589 | D:6      | Reached skill level 5 in Invocations
  7278 | D:7      | Reached skill level 1 in Unarmed Combat
  7354 | D:7      | Reached ** piety under Sif Muna
  7355 | D:7      | Reached skill level 4 in Dodging
  7355 | D:7      | Reached XP level 9. HP: 37/37 MP: 4/16
  7355 | D:7      | Noticed Pikel
  7356 | D:7      | Noticed a manticore
  7529 | D:7      | Found a shimmering altar of Xom.
  7822 | D:7      | Found Rety's Weapon Shop.
  7858 | D:7      | Found a blossoming altar of Fedhas.
  8237 | D:7      | Found a snail-covered altar of Cheibriados.
  8302 | D:8      | Found Raniwk's Weapon Emporium.
  8320 | D:8      | Reached skill level 5 in Dodging
  8424 | D:8      | Found a staircase to the Lair.
  8456 | D:8      | Noticed a troll
  8706 | D:7      | Found a runed translucent door.
  8707 | D:7      | Noticed Crazy Yiuf
  8720 | D:7      | Killed Crazy Yiuf
  8721 | D:7      | Reached skill level 5 in Evocations
  8862 | D:7      | Killed Pikel
  8870 | D:7      | Your ally Pikel died
  8885 | D:7      | Killed a manticore
  8886 | D:7      | Reached XP level 10. HP: 32/43 MP: 5/17
  9156 | D:8      | Reached skill level 5 in Fighting
  9307 | D:8      | Found an iron altar of Okawaru.
  9567 | D:8      | Found a basalt altar of Yredelemnul.
  9589 | D:8      | Reached skill level 5 in Unarmed Combat
  9590 | D:8      | Reached *** piety under Sif Muna
  9868 | D:8      | Found Goukhaposk's Book Shoppe.
 10035 | D:8      | Found Nywucoinn's Jewellery Emporium.
 10040 | D:8      | Found a hazy altar of Hepliaklqana.
 10201 | D:8      | Found Viasch's Antique Weapon Shop.
 10270 | D:8      | Found an ancient bone altar of Kikubaaqudgha.
 10584 | Lair:1   | Entered Level 1 of the Lair of Beasts
 10629 | Lair:1   | Noticed Prince Ribbit
 10633 | Lair:1   | Killed Prince Ribbit
 10641 | Lair:1   | Your ally Prince Ribbit died
 10673 | Lair:1   | Reached skill level 6 in Dodging
 11110 | Lair:1   | Reached skill level 7 in Dodging
 11113 | Lair:1   | Reached skill level 10 in Stealth
 11249 | Lair:1   | Reached XP level 11. HP: 27/47 MP: 12/18
 11359 | Lair:1   | Reached skill level 8 in Dodging
 12288 | Lair:2   | Noticed a death yak
 12714 | Lair:1   | Reached skill level 5 in Spellcasting
 12920 | Lair:2   | Learned a level 6 spell: Death Channel
 13162 | Lair:2   | Reached **** piety under Sif Muna
 13224 | Lair:2   | Reached skill level 10 in Necromancy
 13486 | Lair:2   | Killed a death yak
 13487 | Lair:2   | Gained mutation: Your thick and shaggy fur keeps you warm.
                  | (AC +3, rC+) [Felid growth]
 13487 | Lair:2   | Reached XP level 12. HP: 51/55 MP: 4/20
 13968 | Lair:2   | Found a staircase to the Snake Pit.
 14454 | Lair:2   | Found a staircase to the Snake Pit.
 15195 | Lair:3   | Reached ***** piety under Sif Muna
 15211 | Lair:3   | Noticed a catoblepas
 15216 | Lair:3   | Reached skill level 10 in Invocations
 15221 | Lair:3   | Killed a catoblepas
 15393 | Lair:3   | Found a staircase to the Shoals.
 15452 | Lair:3   | Received a gift from Sif Muna
 15453 | Lair:3   | Got Sif Muna's Grimoire of Transformation {god gift}
 16260 | Lair:4   | Noticed a death yak
 16261 | Lair:4   | Noticed a death yak
 16261 | Lair:4   | Noticed a death yak
 16262 | Lair:4   | Noticed a death yak
 16262 | Lair:4   | Noticed a death yak
 16278 | Lair:4   | Killed a death yak
 16282 | Lair:4   | Killed a death yak
 16283 | Lair:4   | Reached XP level 13. HP: 31/59 MP: 15/21
 16288 | Lair:4   | Reached skill level 9 in Dodging
 16459 | Lair:4   | Found a transporter.
 16626 | Lair:4   | Noticed Dutwide's ghost (journeyman MfGl)
 16736 | Lair:4   | Found a transporter.
 17179 | Lair:4   | Reached skill level 10 in Dodging
 17895 | Lair:5   | Entered Level 5 of the Lair of Beasts
 18115 | D:9      | Found a staircase to the Orcish Mines.
 18208 | D:9      | Received a gift from Sif Muna
 18219 | D:9      | Got Sif Muna's Joy of Hermeneutics {god gift}
 19290 | Orc:1    | Entered Level 1 of the Orcish Mines
 19557 | Orc:1    | Noticed an ettin
 19638 | Orc:1    | Killed an ettin
 19639 | Orc:1    | Reached skill level 11 in Dodging
 19808 | Orc:1    | Reached skill level 10 in Fighting
 20205 | Orc:1    | Reached XP level 14. HP: 66/66 MP: 3/23
 20235 | Orc:1    | Noticed a frost giant
 20250 | Orc:1    | Killed a frost giant
 20279 | Orc:1    | Found the +8 demon trident "Rift" {distort, reach+}
 20286 | Orc:1    | Identified the +3 great sword of Greatest Utility {flame,
                  | rC+ rCorr Stlth+}
 20290 | Orc:1    | Identified the +7 scimitar of Nemelex Xobeh's Esteem
                  | {flame, rF- rC+ rCorr Int+5}
 20324 | Orc:1    | Reached skill level 12 in Dodging
 20514 | Orc:1    | Received a gift from Sif Muna
 20519 | Orc:1    | Got Sif Muna's Compendium of Bringing Forth and
                  | Metamorphosis {god gift}
 20813 | Orc:2    | Entered Level 2 of the Orcish Mines
 20813 | Orc:2    | Found Hixup's Weapon Shoppe.
 21396 | Orc:2    | Found a staircase to the Elven Halls.
 21721 | Orc:2    | Noticed an orc warlord
 21776 | Orc:2    | Learned a level 3 spell: Spider Form
 21839 | Orc:2    | Reached skill level 1 in Transmutations
 21993 | Orc:2    | Noticed Blork the orc
 21996 | Orc:2    | Noticed Nergalle
 22201 | D:8      | Found Goukhaposk's Book Shoppe.
 22232 | D:8      | Found an iron altar of Okawaru.
 22356 | D:8      | Found a staircase to the Lair.
 22405 | D:8      | Found a basalt altar of Yredelemnul.
 22426 | D:8      | Found an ancient bone altar of Kikubaaqudgha.
 22475 | D:8      | Found Viasch's Antique Weapon Shop.
 22482 | D:8      | Found Raniwk's Weapon Emporium.
 22529 | D:8      | Found Nywucoinn's Jewellery Emporium.
 22535 | D:8      | Found a hazy altar of Hepliaklqana.
 23011 | Orc:2    | Killed Blork the orc
 23055 | Orc:2    | Killed Nergalle
 23151 | Orc:2    | Found Leycib's Antique Armour Boutique.
 23264 | Orc:2    | Found Vosulic's Antique Weapon Boutique.
 23311 | Orc:2    | Killed an orc warlord
 23734 | Orc:2    | Found Kytet's Jewellery Boutique.
 23761 | Orc:2    | Found Peyd's General Store.
 23767 | Orc:2    | Bought a scroll of fog for 52 gold pieces
 23767 | Orc:2    | Bought a scroll of fog for 52 gold pieces
 23767 | Orc:2    | Bought a scroll of fear for 52 gold pieces
 23793 | Orc:2    | Found Kytet's Jewellery Boutique.
 23879 | Orc:2    | Found a staircase to the Elven Halls.
 23912 | Orc:2    | Found Hixup's Weapon Shoppe.
 24040 | Orc:2    | Found Vosulic's Antique Weapon Boutique.
 24096 | Orc:2    | Found Leycib's Antique Armour Boutique.
 24190 | Orc:2    | Bought a +6 ring of intelligence for 648 gold pieces
 24303 | D:8      | Bought a ring of flight for 210 gold pieces
 24369 | D:10     | Entered Level 10 of the Dungeon
 24938 | D:10     | Found a sparkling altar of Nemelex Xobeh.
 25010 | D:10     | Received a gift from Sif Muna
 25023 | D:10     | Got Sif Muna's Opusculum on Interference {god gift}
 25384 | D:11     | Noticed Harold
 25422 | D:11     | Killed Harold
 25601 | D:11     | Found a bloodstained altar of Trog.
 25636 | D:11     | Noticed Maurice
 25646 | D:11     | Killed Maurice
 25755 | D:11     | Noticed Amaemon
 25772 | D:11     | Killed Amaemon
 26167 | D:12     | Found an opulent altar of Gozag.
 26189 | D:12     | Found Gozag's Platinum Reserve.
 26294 | D:11     | Learned a level 4 spell: Petrify
 26378 | D:12     | Noticed Kirke
 26398 | D:12     | Killed Kirke
 26399 | D:12     | Reached skill level 1 in Earth Magic
 26892 | D:12     | Reached XP level 15. HP: 69/69 MP: 26/26
 27599 | D:13     | Found a sparkling altar of Nemelex Xobeh.
 28118 | D:12     | Reached skill level 15 in Necromancy
 28168 | D:13     | Reached XP level 16. HP: 73/73 MP: 3/28
 28543 | D:13     | Found a gate to the Vaults.
 28793 | D:13     | Found a sparkling altar of Nemelex Xobeh.
 29003 | D:14     | You fall into a shaft and drop 1 floor!
 29003 | D:15     | Entered Level 15 of the Dungeon
 29729 | D:15     | Found a staircase to the Depths.
 29787 | D:15     | Noticed Louise
 29809 | D:15     | Found a hide-covered altar of Uskayaw.
 29872 | D:15     | Shot with an arrow by a centaur warrior
 29873 | D:15     | Reached XP level 15. HP: -6/69 MP: 2/28
 29905 | D:15     | Received a gift from Sif Muna
 29906 | D:15     | Reached skill level 10 in Transmutations
 30094 | D:15     | Killed Louise
 31159 | D:15     | Learned a level 4 spell: Ice Form
 31401 | Snake:1  | Entered Level 1 of the Snake Pit
 31596 | Snake:1  | Noticed Rupert
 31604 | Snake:1  | Killed Rupert
 32061 | Snake:1  | Found Pizy's Jewellery Boutique.
 33117 | Snake:1  | Noticed Aizul
 33287 | Snake:1  | Killed Aizul
 33415 | Snake:2  | Noticed Mlioglotl
 33497 | Snake:2  | Received a gift from Sif Muna
 33498 | Snake:2  | Got Sif Muna's Omnibus of Inhalation and Quicksand {god
                  | gift}
 33558 | Snake:2  | Paralysed by accursed screaming for 1 turns
 33561 | Snake:2  | Noticed a bone dragon
 33580 | Snake:2  | Killed Mlioglotl
 33753 | Snake:2  | Noticed a nagaraja
 33767 | Snake:2  | Noticed Roxanne
 33800 | Snake:2  | Reached XP level 16. HP: 57/75 MP: 13/30
 34190 | Snake:2  | Reached skill level 10 in Spellcasting
 34819 | Snake:3  | Noticed Vashnia
 35156 | Shoals:1 | Entered Level 1 of the Shoals
 35258 | Shoals:1 | Noticed a kraken
 35328 | Shoals:1 | Found Nomyheul's Island Escapes.
 35495 | Shoals:1 | Bought a potion of invisibility for 104 gold pieces
 35495 | Shoals:1 | Bought a potion of invisibility for 104 gold pieces
 35495 | Shoals:1 | Bought a scroll of teleportation for 39 gold pieces
 35495 | Shoals:1 | Bought a scroll of teleportation for 39 gold pieces
 35495 | Shoals:1 | Bought a scroll of teleportation for 39 gold pieces
 35495 | Shoals:1 | Bought a scroll of fog for 52 gold pieces
 35495 | Shoals:1 | Bought a potion of flight for 39 gold pieces
 36066 | Shoals:2 | Found Lups's Firing Range.
 36120 | Shoals:2 | Received a gift from Sif Muna
 36127 | Shoals:2 | Got Sif Muna's Catalogue of Unspeakable Magic {god gift}
 36684 | Shoals:2 | HP: 2/76 [water nymph/the raging water (36)]
 36977 | Shoals:3 | Found Ocout's Self-Improvement Boutique.
 37067 | Shoals:3 | Acquired 617 gold pieces
 37069 | Shoals:3 | Bought a manual of Dodging for 800 gold pieces
 37069 | Shoals:3 | Bought a manual of Spellcasting for 800 gold pieces
 37271 | Shoals:3 | Found a hide-covered altar of Uskayaw.
 37708 | Shoals:3 | Found Adam's Book Shop.
 37796 | Shoals:3 | Noticed Polyphemus
 37809 | Shoals:3 | Killed Polyphemus
 37834 | Shoals:3 | Found an opulent altar of Gozag.
 38326 | Shoals:3 | Reached skill level 13 in Dodging
 38520 | Shoals:4 | Entered Level 4 of the Shoals
 38520 | Shoals:4 | Noticed Donald
 38550 | Shoals:4 | Killed Donald
 38550 | Shoals:4 | Noticed Ilsuiw
 38559 | Shoals:4 | Received a gift from Sif Muna
 38560 | Shoals:4 | Reached XP level 17. HP: 35/79 MP: 28/34
 38560 | Shoals:4 | Got Sif Muna's Notes on Bombardment {god gift}
 38565 | Shoals:4 | Your ally Donald died
 38573 | Shoals:4 | Killed Ilsuiw
 38604 | Shoals:4 | Reached skill level 14 in Dodging
 38651 | Shoals:4 | Found a flickering gateway to a bazaar.
 38719 | Shoals:4 | Reached skill level 15 in Dodging
 38810 | Bazaar   | Entered a bazaar
 38883 | Bazaar   | Found Cimadwon's Weapon Boutique.
 38905 | Bazaar   | Found Kyoheic's Antique Weapon Emporium.
 38926 | Bazaar   | Found Soykyim's Antique Weapon Boutique.
 38946 | Bazaar   | Found Ymaovido's Antique Armour Shoppe.
 39064 | Shoals:4 | Learned a level 7 spell: Dragon Form
 39141 | Shoals:4 | Noticed a kraken
 39194 | Shoals:4 | Reached skill level 16 in Dodging
 39321 | Shoals:4 | Received a gift from Sif Muna
 39366 | Shoals:4 | Got Sif Muna's Directory of the Wintry Tesseract {god gift}
 39612 | Shoals:4 | Got a barnacled rune of Zot
 39942 | Shoals:4 | Learned a level 5 spell: Irradiate
 40160 | Snake:3  | Reached skill level 17 in Dodging
 40179 | Snake:3  | Killed Vashnia
 40636 | Snake:4  | Entered Level 4 of the Snake Pit
 40699 | Snake:4  | Reached skill level 18 in Dodging
 40729 | Snake:4  | Reached skill level 15 in Spellcasting
 40739 | Snake:4  | Reached XP level 18. HP: 42/84 MP: 12/38
 41756 | Snake:4  | Reached skill level 19 in Dodging
 42148 | Snake:4  | Reached skill level 20 in Dodging
 42279 | Snake:4  | Received a gift from Sif Muna
 42280 | Snake:4  | Got Tiakkoh's Incunabulum of Spectres {god gift}
 42667 | Snake:4  | Got a serpentine rune of Zot
 42676 | Snake:4  | Reached skill level 21 in Dodging
 43730 | Elf:1    | Entered Level 1 of the Elven Halls
 43806 | Elf:1    | Found Xeuskuin's Book Boutique.
 44553 | Abyss:3  | Cast into level 3 of the Abyss (+1 flail of distortion)
 44588 | Abyss:3  | Noticed a lich
 44612 | Abyss:3  | Found a corrupted altar of Lugonu.
 44633 | Abyss:3  | Found a corrupted altar of Lugonu.
 44676 | Abyss:3  | Noticed a bone dragon
 44706 | Abyss:3  | Killed a bone dragon
 44731 | Abyss:3  | HP: 6/126 [apocalypse crab (11)]
 44743 | Abyss:3  | Gained mutation: You are occasionally teleported next to
                  | monsters. [a cacodemon]
 44790 | Abyss:3  | HP: 1/126 [black mamba[a worldbinder] (11)]
 44790 | Abyss:3  | Slain by a thorn hunter
 44791 | Abyss:3  | Reached XP level 17. HP: -3/118 MP: 30/39
 44791 | Abyss:4  | Found a corrupted altar of Lugonu.
 44823 | Elf:1    | Escaped the Abyss
 44885 | Elf:1    | Received a gift from Sif Muna
 44886 | Elf:1    | Got Sif Muna's Atlas of Violence {god gift}
 45266 | Elf:1    | Reached skill level 22 in Dodging
 45400 | Elf:2    | Found Anesh's General Store.
 45406 | Elf:2    | Paralysed by an air elemental for 1 turns
 45561 | Elf:2    | Reached XP level 18. HP: 84/84 MP: 40/40
 45574 | Elf:2    | Found a runed translucent gate.
 45574 | Elf:2    | Found a runed translucent gate.
 45574 | Elf:2    | Found a runed translucent gate.
 45679 | Elf:2    | Noticed Saint Roka
 45686 | Elf:2    | HP: 3/126 [+5 heavy dire flail (24)]
 45687 | Elf:2    | Noticed Agnes
 45693 | Elf:2    | Lost mutation: You are occasionally teleported next to
                  | monsters. [potion of mutation]
 45693 | Elf:2    | Gained mutation: You are partially covered in iridescent
                  | scales. (AC +2) [potion of mutation]
 45693 | Elf:2    | Gained mutation: You have hidden genetic potential. [potion
                  | of mutation]
 45702 | Elf:2    | Mangled by a +3 glaive of venom
 45703 | Elf:2    | Reached XP level 17. HP: -6/118 MP: 39/39
 45840 | Elf:2    | Found Qoves's Jewellery Shop.
 46259 | Elf:3    | Entered Level 3 of the Elven Halls
 46356 | Elf:3    | Found Ostraemy's Antique Weapon Shoppe.
 46433 | Elf:3    | Received a gift from Sif Muna
 46532 | Elf:3    | Learned a level 8 spell: Infestation
 46601 | Elf:3    | Paralysed by an air elemental for 1 turns
 46875 | Elf:3    | Got Gikkau's Compendium of Electrocution
 47635 | Elf:3    | Identified the +7 short sword of Ihusie {antimagic, *Slow
                  | Fly rF+++ Str+3}
 47654 | Elf:3    | Identified the +0 buckler of the Thunderstorm {rPois Str+5}
 47659 | Elf:3    | Identified the +2 rapier of Yticogg {drain, rPois rF- rC-
                  | Stlth+}
 47667 | Elf:3    | Noticed an Ice Fiend
 48005 | Elf:3    | Noticed a deep elf master archer
 48043 | Elf:3    | Killed a deep elf master archer
 48104 | Elf:3    | Found Ostraemy's Antique Weapon Shoppe.
 48729 | Elf:3    | Identified the +5 scale mail "Otaufuo" {rC++ Will+ Int+3}
 48729 | Elf:3    | Identified the ring "Gaducwo" {+Blink rC- rN+ Int-2 Dex+6}
 49044 | Elf:3    | Found the +4 robe of Folly {Brill Will-∞ Int+8}
 49098 | Elf:3    | Got the Verses on Breezy Venom
 49488 | Depths:1 | Entered Level 1 of the Depths
 49567 | Depths:1 | Reached XP level 18. HP: 71/84 MP: 29/41
 49896 | Depths:1 | Received a gift from Sif Muna
 49899 | Depths:1 | Got Sif Muna's Octavo of Petrous Transportation {god gift}
 49928 | Depths:1 | HP: 1/126 [fire giant/+1 great sword of flaming (7)]
 50070 | Depths:1 | Found Faefippi's Jewellery Boutique.
 50307 | Depths:1 | Gained mutation: You are mostly covered in iridescent
                  | scales. (AC +4) [hidden potential]
 50673 | Depths:1 | Reached skill level 15 in Transmutations
 50742 | Depths:1 | Found a gateway to Hell.
 50924 | Depths:1 | Learned a level 5 spell: Borgnjor's Vile Clutch
 50933 | Depths:1 | Learned a level 8 spell: Borgnjor's Revivification
 51118 | Vaults:1 | Entered Level 1 of the Vaults
 51655 | Vaults:1 | Mangled by a white very ugly thing

Illustrated notes

Levels and vault maps discovered:
D:1:      minmay_arrival_plants_in_alcoves, layout_rooms, serial_bayou_crossing
D:2:      layout_rooms, kennysheep_another_room
D:3:      layout_basic, serial_forest, infiniplex_forest_diagonal,
          infiniplex_forest_clump_double, infiniplex_forest_clump_small,
          infiniplex_forest_clump_curved, infiniplex_forest_lined_room_2,
          infiniplex_forest_lined_2, ebering_ghost_inner_flame, minivault_27,
          uniq_jessica
D:4:      layout_cave_pools, minmay_temple_entry_large_hall,
          ebering_dispersal_statue_hall
D:5:      layout_basic, nicolae_wu_jian_immortal_techniques,
          mainiacjoe_overflow_alcove_4, mainiacjoe_overflow_boulevard,
          old_standard_altar, mainiacjoe_overflow_six_doors_small,
          gup_sewer_entry_bowl
D:6:      layout_loops_ring, nicolae_overflow_crystal_walls, minivault_11,
          kennysheep_generic_room_4
D:7:      cheibrodos_barr_body, layout_loops_ring, mainiacjoe_overflow_alcove_2,
          overflow_temple_1_default, fedhas_altar_3, serial_shops,
          nicolae_square_shop, uniq_crazy_yiuf_cottage, uniq_pikel
D:8:      layout_gridville, mainiacjoe_overflow_tiny_flanked,
          lemuel_zombie_altar_kikubaaqudgha, mainiacjoe_overflow_paths,
          mainiacjoe_overflow_small_starburst, erik_lair_island, serial_shops,
          nicolae_shop_bloodbath_and_beyond, shop, shop, shop
D:9:      minmay_the_grid_square_5x5_3x3 [minmay_the_grid_square_5x5_v,
          minmay_the_grid_square_5x5_fat_x, minmay_the_grid_square_5x5_one_wall,
          minmay_the_grid_square_5x5_six,
          minmay_the_grid_square_5x5_megaprize_hollow,
          minmay_the_grid_square_5x5_moneybag,
          minmay_the_grid_square_5x5_minivault,
          minmay_the_grid_square_5x5_checkered,
          minmay_the_grid_square_5x5_inner_v], layout_rooms
D:10:     layout_small_grid, lemuel_round_altar
D:11:     layout_cave_pools, trog_hazing_becter, uniq_harold, uniq_amaemon,
          uniq_maurice
D:12:     layout_cave_pools, nicolae_gozag_zags_fifth_avenue, uniq_kirke
D:13:     layout_big_octagon, ximxim_vaults_locker_room, minmay_misc_feat_rows,
          nemelex_xobeh_ov_fountains_minmay
D:14:     layout_basic, minmay_misc_feat_more_columns, gammafunk_ghost_hive,
          nicolae_elevator_lobby_plus
D:15:     grunt_enter_depths_hoard, layout_basic, dancing_weapons_uskayaw,
          uniq_louise
Temple:   hellmonk_temple_of_storms
Lair:1:   layout_long_grid, st_stairs_10, uniq_prince_ribbit2
Lair:2:   regret_index_tunnel_blossom, layout_regular_city,
          minmay_snake_entry_guardpost_medium, cheibrodos_lair_lostbears,
          infiniplex_staircase_pool
Lair:3:   layout_chaotic_city, minmay_shoals_entry_centaurs,
          nicolae_quartered_pool_little
Lair:4:   layout_small_grid, minmay_slime_entry_oklob_open, nzn_ghost_randoct
Lair:5:   hangedman_lair_in_review, layout_regular_city,
          guppyfry_lair_end_dragon, gammafunk_ghost_icy, st_stairs_9,
          evilmike_ambush [evilmike_ambush_outer_basic,
          evilmike_ambush_inner_pond], uniq_josephine
Shoals:1: layout_shoals, nicolae_island_escapes
Shoals:2: layout_shoals, nicolae_shop_firing_range
Shoals:3: layout_shoals, serial_shops, shop, hangedman_feature_mirror,
          nicolae_shop_self_help, uniq_polyphemus
Shoals:4: shoals_end_hangedman, layout_shoals, shoal_ilsuiw, serial_shops,
          bzr_entry_customers, uniq_donald
Snake:1:  layout_chambers, serial_shops, nicolae_shop_hallway_plus, st_stairs_3,
          uniq_rupert, uniq_aizul
Snake:2:  layout_onion, grunt_ministairs_6, uniq_mlioglotl, uniq_roxanne
Snake:3:  layout_rooms, uniq_vashnia
Snake:4:  snake_pit, layout_chambers, nicolae_snake_gridmaze_tees, st_stairs_3
Orc:1:    giant_chief_lemuel, layout_caves, basic_altar
Orc:2:    grunt_orc_cross, layout_caves, special_room, serial_shops,
          nicolae_shop_temple_entry_statues_fountains
Elf:1:    nicolae_elf_arrival_aired_out, layout_onion_city, serial_shops,
          nicolae_shop_stone, hangedman_corner_corridor
Elf:2:    elven_hall_of_blades_hangedman_original [nicolae_blade_little_rooms],
          layout_gridlike, serial_shops, nicolae_diamond_shop, shop, uniq_agnes,
          uniq_saint_roka
Elf:3:    minmay_elf_hall_x, layout_onion_city, serial_shops,
          nicolae_shop_hallway_plus, grunt_ministairs_1, st_stairs_9,
          nicolae_elf_elemental_lessons, grunt_megastairs_3
Vaults:1: v_misc_3, st_diamondy, nicolae_vaults_alarming,
          nicolae_vaults_shelves_hall, vaults_room_pool, layout_vaults_quadrants
Depths:1: layout_twisted_cross, patterned_corridor, pf_hell_entry_tar_spiral,
          minmay_shop_grid_forest, minivault_22, st_stairs_4,
          kennysheep_flooded_box, nrook_kobold_shadow_demons

Skill      XL: |  1  2  3  4  5  6  7  8  9 10 11 12 13 14 15 16 17 18 |
---------------+-------------------------------------------------------+-----
Fighting       | 1 2 3 4 5 8 10 11 12 | 12.0
Necromancy     | 5 6 7 8 10 12 13 14 15 16 17 | 17.4
Evocations     | 2 3 4 5 6 |  6.0
Stealth        | 3 4 5 6 8 10 12 | 12.0
Dodging        | 3 4 5 7 8 11 12 13 22 21 | 22.0
Spellcasting   | 4 5 6 9 12 18 17 | 18.0
Invocations    | 1 6 8 10 11 12 14 | 14.0
Unarmed Combat | 2 4 5 8 9 |  9.0
Transmutations | 7 12 9 14 15 | 15.6
Earth Magic    | 1 2 |  2.0

Action                     |  1- 3 |  4- 6 |  7- 9 | 10-12 | 13-15 | 16-18 || total
---------------------------+-------+-------+-------+-------+-------+-------++-------
  Melee: Unarmed           |    19 |    15 |    28 |   271 |   928 |  1081 ||  2342
         Bite              |     1 |     2 |     4 |    42 |   145 |   180 ||   374
         Punch             |     1 |       |       |    14 |    49 |    83 ||   147
         Tailslap          |       |       |       |       |       |   170 ||   170
   Cast: Necrotise         |    82 |   129 |   170 |   228 |    70 |       ||   679
         Vampiric Draining |       |     2 |     8 |    66 |   162 |    99 ||   337
         Dispel Undead     |       |       |    15 |       |    16 |     4 ||    35
         Animate Dead      |       |       |     8 |    15 |    26 |    20 ||    69
         Death Channel     |       |       |       |    13 |    45 |    46 ||   104
         Spider Form       |       |       |       |       |     8 |     2 ||    10
         Petrify           |       |       |       |       |    96 |    70 ||   166
         Ice Form          |       |       |       |       |     5 |     1 ||     6
         Dragon Form       |       |       |       |       |       |    71 ||    71
         Infestation       |       |       |       |       |       |    25 ||    25
         Irradiate         |       |       |       |       |       |     5 ||     5
         Death's Door      |       |       |       |       |       |     1 ||     1
 Invoke: Channel Magic     |       |       |       |     4 |     5 |       ||     9
         Divine Exegesis   |       |       |       |       |       |     1 ||     1
Ability: End Transformatio |       |       |       |       |     2 |     1 ||     3
         Breathe Fire      |       |       |       |       |       |    26 ||    26
  Evoke: Wand              |       |    10 |    27 |    10 |    17 |    32 ||    96
         Lightning rod     |       |       |       |    13 |    20 |     7 ||    40
         Tin of tremorston |       |       |       |     2 |     7 |     6 ||    15
         Box of beasts     |       |       |       |       |       |     5 ||     5
         Phial of floods   |       |       |       |       |       |     4 ||     4
         Phantom mirror    |       |       |       |       |       |     1 ||     1
    Use: Scroll            |       |     8 |     6 |     3 |    24 |    27 ||    68
         Potion            |       |       |     1 |       |     6 |    23 ||    30
   Stab: Sleeping          |       |     1 |     4 |     5 |    28 |    42 ||    80
         Distracted        |       |       |       |     6 |    24 |    23 ||    53
         Invisible         |       |       |       |       |     3 |     4 ||     7
         Petrified         |       |       |       |       |    58 |    56 ||   114
         Petrifying        |       |       |       |       |    12 |     8 ||    20
 Armour: Skin              |     1 |     2 |    11 |    24 |    46 |   188 ||   272
  Dodge: Dodged            |    26 |    26 |   101 |   571 |  1325 |  1295 ||  3344

Table legend: (Time is in decaauts)
 A = Elapsed time spent in this place.
 B = Non-inter-level travel time spent in this place.
 C = Inter-level travel time spent in this place.
 D = Time resting spent in this place.
 E = Time spent auto-exploring this place.
 F = Levels seen in this place.
 G = Mean time per level.
                   A        B        C        D        E       F      G
               +--------+--------+--------+--------+--------+-----+--------+
         Total |  45795 |  43094 |   2701 |   5409 |  24592 |  40 | 1144.9 |
       Dungeon |  17346 |  16130 |   1216 |   1335 |  10367 |  15 | 1156.4 |
        Temple |     73 |     48 |     25 |      0 |     40 |   1 |   73.0 |
          Lair |   6784 |   6314 |    470 |    772 |   3733 |   5 | 1356.8 |
        Shoals |   4133 |   3978 |    155 |    857 |   1587 |   4 | 1033.2 |
     Snake Pit |   6502 |   6188 |    314 |   1013 |   3372 |   4 | 1625.5 |
  Orcish Mines |   3701 |   3426 |    275 |    501 |   1496 |   2 | 1850.5 |
   Elven Halls |   4832 |   4691 |    141 |    666 |   2732 |   3 | 1610.7 |
        Vaults |    508 |    508 |      0 |     64 |    294 |   1 |  508.0 |
        Depths |   1352 |   1252 |    100 |    143 |    766 |   1 | 1352.0 |
         Abyss |    225 |    225 |      0 |      0 |      0 |   2 |  112.5 |
        Bazaar |    154 |    154 |      0 |      0 |    138 |   1 |  154.0 |
         Sewer |    180 |    180 |      0 |     56 |     63 |   1 |  180.0 |
               +--------+--------+--------+--------+--------+-----+--------+

Top non-repeatable levels by time:
   Elf:3: 2735 daAuts
 Snake:4: 2398 daAuts
  Lair:2: 2102 daAuts
    D:15: 2101 daAuts
  Lair:1: 2083 daAuts
   Orc:2: 2044 daAuts
     D:8: 1869 daAuts
 Snake:1: 1867 daAuts
     D:7: 1709 daAuts
  Lair:4: 1702 daAuts
   Orc:1: 1657 daAuts
     D:6: 1539 daAuts
Shoals:3: 1384 daAuts
Depths:1: 1352 daAuts
     D:3: 1328 daAuts
